 Dungeon Crawl Stone Soup version 0.28.0-53-g5a82cb258f (webtiles) character file.

Game seed: 15350496546692017239

235 bnorton916 the Magician (level 5, -5/28 HPs)
             Began as a Deep Elf Fire Elementalist on June 9, 2022.
             Slain by a scorpion (7 damage)
             ... on level 5 of the Dungeon.
             The game lasted 00:03:09 (4188 turns).

bnorton916 the Magician (DEFE)                      Turns: 4188, Time: 00:03:10

Health: -5/28      AC:  3    Str:  5    XL:     5   Next: 76%
Magic:  3/14       EV: 12    Int: 22    God:
Gold:   102        SH:  0    Dex: 15    Spells: 8/14 levels left

rFire   . . .      SeeInvis .   (no weapon)
rCold   . . .      Faith    .   (no shield)
rNeg    . . .      Spirit   .   a - +0 robe
rPois   .          Reflect  .   b - +1 hat
rElec   .          Harm     .   (no cloak)
rCorr   .          Rampage  .   (no gloves)
Will    ++...                   (no boots)
Stlth   ++........              (no amulet)
HPRegen 0.09/turn               f - ring of willpower
MPRegen 0.14/turn               q - ring of willpower

@: lethally poisoned (-5 -> -13)
A: no striking features
a: no special abilities


You were on level 5 of the Dungeon.
You visited 1 branch of the dungeon, and saw 5 of its levels.

You collected 102 gold pieces.

Inventory:

Hand Weapons
 o - a +1 dagger of venom
Missiles
 c - 123 stones
 n - 2 poisoned darts
Armour
 a - a +0 robe (worn)
 b - a +1 hat (worn)
Jewellery
 f - a ring of willpower (left hand)
 q - a ring of willpower (right hand)
Scrolls
 d - 3 scrolls of enchant weapon {unknown}
 e - a scroll of fog {unknown}
 g - a scroll of vulnerability {unknown}
 h - a scroll of noise {unknown}
 j - a scroll of magic mapping {unknown}
Potions
 i - a potion of lignification {unknown}
 k - a potion of invisibility {unknown}
 l - 4 potions of curing {unknown}
 m - a potion of magic {unknown}
 p - 2 potions of attraction {unknown}
 r - 2 potions of mutation {unknown}


   Skills:
 - Level 2.4 Dodging
 - Level 2.4 Stealth
 + Level 5.2 Spellcasting
 + Level 3.6 Conjurations
 + Level 4.9 Fire Magic


You had 8 spell levels left.
You knew the following spells:

 Your Spells              Type           Power      Damage    Failure   Level
a - Foxfire               Conj/Fire      96%        2x1d8     1%          1
b - Scorch                Fire           54%        2d8       1%          2
c - Conjure Flame         Conj/Fire      24%        6-21      4%          3

Your spell library contained the following spells:

 Spells                   Type           Power      Damage    Failure   Level
 Inner Flame              Hex/Fire       16%        N/A       11%         3
 Flame Wave               Conj/Fire      24%        2d7       17%         4


Dungeon Overview and Level Annotations

Branches:
Dungeon (4/15)
 Temple: D:4-7

Altars:

Annotations:
D:3 2 transporters, gobodom's ghost, amateur DsVM
D:4 Edmund
D:5 Dowan


Message History

The necrophage closely misses you. The scorpion closely misses you.
The scorpion barely misses you. The necrophage barely misses you.
Casting: Scorch (safe; 2% risk of failure)
Confirm with . or Enter, or press ? or * to list all spells.
You conjure some foxfire!
The necrophage is no longer more vulnerable to fire.
The scorpion closely misses you. The necrophage hits you.
You feel drained.
The foxfire hits the necrophage.
You destroy the necrophage!
The scorpion closely misses you.
Your life force feels restored.
Your Spellcasting skill increases to level 5!
Casting: Foxfire (safe; 1% risk of failure)
Confirm with . or Enter, or press ? or * to list all spells.
You conjure some foxfire!
The scorpion is no longer more vulnerable to fire.
The scorpion barely misses you.
Your foxfire dissipates!
The foxfire hits the scorpion.
The scorpion is heavily wounded.
The scorpion completely misses you.
Casting: Foxfire (safe; 1% risk of failure)
Confirm with . or Enter, or press ? or * to list all spells.
You conjure some foxfire!
The scorpion stings you. The scorpion stings you!
* * * LOW HITPOINT WARNING * * *
The foxfire hits the scorpion.
The scorpion is severely wounded.
The scorpion stings you.
* * * LOW HITPOINT WARNING * * *
You are lethally poisoned!
The scorpion poisons you!
Casting: Foxfire (safe; 1% risk of failure)
Confirm with . or Enter, or press ? or * to list all spells.
You conjure some foxfire!
* * * LOW HITPOINT WARNING * * *
You feel very sick.
Your foxfire dissipates!
The scorpion stings you!
You die...

###..#
######...#
....§....#
....§§...#
....§.v..#
....§....#
....§§§.>####
.......§§v..#
....#.##@##.#
.......sv§#
..
..........#
## .........#
<........#
..........
.........#
.........#


You could see a scorpion (ally target).

Vanquished Creatures
  A necrophage (D:5)
  A jelly (D:4)
  An orc wizard (D:3)
  An adder (D:2)
  4 worms (D:2)
  4 dart slugs
  An orc (D:3)
  8 ball pythons
  2 bats
  2 endoplasms
  5 giant cockroaches
  12 goblins
  5 hobgoblins
  5 kobolds
  6 quokkas
  A frilled lizard (D:2)
  3 rats
62 creatures vanquished.

Vanquished Creatures (others)
  361 foxfires
361 creatures vanquished.

Grand Total: 423 creatures vanquished

Notes
Turn   | Place    | Note
-------+----------+-------------------------------------------
     0 | D:1      | bnorton916 the Deep Elf Fire Elementalist began the quest
                  | for the Orb.
     0 | D:1      | Reached XP level 1. HP: 10/10 MP: 6/6
   272 | D:1      | Reached XP level 2. HP: 15/15 MP: 5/8
  1085 | D:1      | Reached XP level 3. HP: 19/19 MP: 6/10
  1121 | D:1      | Found a faded altar of an unknown god.
  1921 | D:2      | Reached skill level 4 in Spellcasting
  2296 | D:2      | Reached XP level 4. HP: 24/24 MP: 4/12
  3568 | D:3      | Found a transporter.
  3568 | D:3      | Noticed gobodom's ghost (amateur DsVM)
  3621 | D:3      | Found a transporter.
  3840 | D:4      | Noticed Edmund
  4084 | D:3      | Learned a level 2 spell: Scorch
  4088 | D:3      | Learned a level 3 spell: Conjure Flame
  4102 | D:4      | Reached XP level 5. HP: 28/28 MP: 10/14
  4162 | D:4      | You fall into a shaft and drop 1 floor!
  4162 | D:5      | Entered Level 5 of the Dungeon
  4162 | D:5      | Noticed Dowan
  4168 | D:5      | Noticed a necrophage
  4183 | D:5      | Killed a necrophage
  4184 | D:5      | Reached skill level 5 in Spellcasting
  4188 | D:5      | Slain by a scorpion

Illustrated notes

Levels and vault maps discovered:
D:1:      evilmike_arrival_fibonacci_small, layout_basic,
          shapermc_ecumenical_altar_petra
D:2:      layout_loops_cross, kennysheep_generic_room_8
D:3:      layout_basic, gammafunk_ghost_mausoleum
D:4:      layout_loops_ring, uniq_edmund
D:5:      layout_rooms, mainiacjoe_overflow_chevrons, zin_angel, temple_doors_e,
          uniq_blork_the_orc, uniq_duvessa

Skill      XL: |  1  2  3  4  5 |
---------------+----------------+-----
Conjurations   | 2 3 |  3.6
Fire Magic     | 4 |  4.9
Spellcasting   | 4 5 |  5.2
Dodging        | |  2.4
Stealth        | |  2.4

Action                   |  1- 3 |  4- 6 || total
-------------------------+-------+-------++-------
 Cast: Foxfire           |   121 |    94 ||   215
       Scorch            |       |     3 ||     3
Armor: Robe              |     5 |     7 ||    12
Dodge: Dodged            |    13 |    16 ||    29
